 Dungeon Crawl Stone Soup version 0.27-a0-1557-g57f10a385c (webtiles) character file.

Game seed: 855945437054165144

11694 pokeman the Eclecticist (level 11, -12/61 HPs)
             Began as a Deep Elf Hedge Wizard on July 15, 2021.
             Was a Believer of Vehumet.
             Mangled by a white ugly thing (17 damage)
             ... in an ice cave.
             The game lasted 00:39:09 (14812 turns).

pokeman the Eclecticist (Deep Elf Hedge Wizard)    Turns: 14812, Time: 00:39:10

Health: -12/61     AC: 15    Str:  7    XL:     11   Next: 52%
Magic:  17/41      EV: 11    Int: 23    God:    Vehumet [**....]
Gold:   838        SH:  0    Dex: 14    Spells: 29/40 levels left

rFire    . . .     SeeInvis .   J - +1 trident (venom)
rCold    . . .     Faith    .   (no shield)
rNeg     . . .     Spirit   .   W - +0 acid dragon scales
rPois    .         Reflect  .   V - +2 hat
rElec    .         Harm     .   (no cloak)
rCorr    +         Rampage  .   u - +0 pair of gloves
Will     +....                  U - +0 pair of boots
Stlth    ++........             A - amulet of the acrobat
HPRegen  0.20/turn              Q - ring of magical power
MPRegen  0.27/turn              v - +4 ring of protection

@: no status effects
A: no striking features
a: Renounce Religion


You were in an ice cave.
You worshipped Vehumet.
Vehumet was pleased with you.
You visited 2 branches of the dungeon, and saw 13 of its levels.
You also visited: Ossuary and Ice Cave.

You collected 838 gold pieces.

Inventory:

Hand Weapons
 a - a +0 hand crossbow
 J - a +1 trident of venom (weapon)
 O - a +2 vorpal shortbow
Missiles
 q - 91 bolts
 t - 7 boomerangs of dispersal
 L - 75 arrows
 R - a curare-tipped dart
Armour
 u - a +0 pair of gloves (worn)
 H - a +2 leather armour of poison resistance
 P - +0 steam dragon scales
 U - a +0 pair of boots (worn)
 V - a +2 hat (worn)
 W - +0 acid dragon scales (worn)
Magical Staves
 Y - a staff of poison
Jewellery
 d - a +6 ring of dexterity
 j - a ring of resist corrosion
 v - a +4 ring of protection (right hand)
 A - an amulet of the acrobat (around neck)
 I - a ring of see invisible
 K - a +6 ring of dexterity
 Q - a ring of magical power (left hand)
Wands
 n - a wand of polymorph (10)
 C - a wand of digging (8)
Scrolls
 b - 2 scrolls of noise {unknown}
 e - 2 scrolls of magic mapping {unknown}
 g - 4 scrolls of teleportation {unknown}
 l - 11 scrolls of identify {unknown}
 o - 2 scrolls of enchant armour {unknown}
 p - a scroll of holy word {unknown}
 r - 2 scrolls of fog {unknown}
 s - 3 scrolls of enchant weapon {unknown}
 y - 2 scrolls of brand weapon {unknown}
 z - a scroll of acquirement {unknown}
 S - 2 scrolls of amnesia {unknown}
 T - a scroll of fear {unknown}
 X - a scroll of immolation {unknown}
Potions
 f - 5 potions of heal wounds
 h - 5 potions of curing {unknown}
 i - 3 potions of might {unknown}
 k - 2 potions of flight {unknown}
 m - a potion of ambrosia {unknown}
 w - a potion of invisibility {unknown}
 x - a potion of brilliance {unknown}
 B - 2 potions of cancellation {unknown}
 D - 4 potions of lignification {unknown}
 E - a potion of magic {unknown}
 F - 2 potions of haste {unknown}
 G - 3 potions of attraction {unknown}
Miscellaneous
 c - a box of beasts


   Skills:
 - Level 4.0 Fighting
 + Level 5.1 Armour
 - Level 3.0 Dodging
 - Level 3.0 Stealth
 * Level 15.0 Spellcasting
 + Level 9.1 Conjurations
 + Level 2.1 Summonings
 - Level 1.1 Translocations
 - Level 8.2 Fire Magic
 - Level 1.1 Air Magic
 - Level 1.2 Poison Magic
 - Level 1.1 Evocations


You had 29 spell levels left.
You knew the following spells:

 Your Spells              Type           Power      Damage    Failure   Level
a - Magic Dart            Conj           100%       1d8       1%          1
b - Mephitic Cloud        Conj/Pois/Air  34%        N/A       3%          3
c - Call Imp              Summ           27%        N/A       3%          2
d - Blink                 Tloc           N/A        N/A       5%          2
e - Conjure Flame         Conj/Fire      55%        6-21      1%          3

Your spell library contained the following spells:

 Spells                   Type           Power      Damage    Failure   Level
 Searing Ray              Conj           100%       3d7       1%          2
 Dazzling Flash           Conj/Hex       76%        N/A       2%          3
 Slow                     Hex            17%        N/A       9%          2
 Cause Fear               Hex            8%         N/A       50%         4
 Silence                  Hex/Air        9%         N/A       77%         5
 Agony                    Necr           17%        N/A       85%         5
 Dragon Form              Tmut           8%         N/A       100%        7
 Dragon's Call            Summ           13%        N/A       100%        9


Dungeon Overview and Level Annotations

Branches:
Dungeon (12/15)            Temple (1/1) D:7            Lair (0/6) D:8
Ossuary (visited)           IceCv (1/1)
    Orc: D:9-12

Altars:
Ashenzari
Cheibriados
Dithmenos
Elyvilon
Fedhas
Gozag
Hepliaklqana
Kikubaaqudgha
Makhleb
Nemelex Xobeh
Okawaru
Qazlal
Ru
Sif Muna
Trog
Uskayaw
Vehumet
Wu Jian
Xom
Yredelemnul
Zin
The Shining One

Shops:
D:11 [

Annotations:
D:10 2 transporters, Pooter's ghost, journeyman MiBe


Message History

The white ugly thing appears confused.
You start resting.
A white ugly thing is nearby!
Casting: Mephitic Cloud (dangerous; 3% risk of failure)
Confirm with . or Enter, or press ? or * to list all spells.
The fire begins to smoulder!
The fire ignites!
Casting: Conjure Flame (safe; 1% risk of failure)
Confirm with . or Enter, or press ? or * to list all spells.
The fire begins to smoulder!
The fire ignites!
Casting: Conjure Flame (safe; 1% risk of failure)
Confirm with . or Enter, or press ? or * to list all spells.
Aiming: Mephitic Cloud (dangerous; 3% risk of failure)
Press: ? - help, Shift-Dir - straight line, f/p - white ugly thing
Aim: a white ugly thing (moderately wounded, chance to affect: 43%)
The ball explodes into a vile cloud!
The stinking cloud engulfs the white ugly thing but does no damage.
The white ugly thing is moderately wounded.
The white ugly thing is engulfed in noxious fumes.
The white ugly thing appears confused.
Unknown command.
Reach: J) +1 trident (venom)
Press: ? - help, Dir - move target, f/p - white ugly thing
Aim: a white ugly thing (flame, moderately wounded, confused, about 21% to evade your +1 trident of venom)
You puncture the white ugly thing!
The white ugly thing is heavily wounded.
The white ugly thing is engulfed in blazing flames.
The white ugly thing kicks you but does no damage.
Unknown command.
Reach: J) +1 trident (venom)
Press: ? - help, Dir - move target, f/p - white ugly thing
Aim: a white ugly thing (flame, heavily wounded, confused, about 21% to evade your +1 trident of venom)
You puncture the white ugly thing!
The white ugly thing is severely wounded.
The white ugly thing is engulfed in blazing flames.
The white ugly thing kicks you!
* * * LOW HITPOINT WARNING * * *
The white ugly thing freezes you!
You die...

......###.........#
.......#..........#
...##....##.......#
.#####..####.....##
## #### #......# #
##..☼°## ##.°°# ###
##°u## ##.## ##§@#
##...# #..####....#
#...#...#..#
##.....##..#
##...###u## ..
######..# #. ##..##
#.. ##...# #..
##...##


You could see a white ugly thing (confused).

Vanquished Creatures
  A boulder beetle (D:11)
  Erolcha (D:11)
  Pikel (D:8)
  2 cyclopes (D:11)
  Joseph (D:8)
  An unseen horror (D:10)
  3 kobold demonologists (D:9)
  3 freezing wraiths (IceCv)
  A troll (D:10)
  Prince Ribbit (D:8)
  A hornet (D:5)
  A wyvern (D:9)
  A spriggan (D:10)
  A wraith (D:9)
  4 yaks (D:9)
  2 steam dragons
  A death yak simulacrum (IceCv)
  4 vampire mosquitoes (D:10)
  An acid dragon (D:11)
  2 water moccasins
  An orc warrior (D:9)
  A black bear (D:6)
  3 ice beasts
  A sky beast (D:7)
  A necrophage (D:5)
  3 centaurs
  3 ogres
  A lemure (D:8)
  3 bullfrogs
  A kobold brigand (D:9)
  5 gnoll sergeants
  2 scorpions
  A two-headed ogre simulacrum (IceCv)
  A cane toad simulacrum (IceCv)
  2 elephant simulacra (IceCv)
  3 water moccasin skeletons (D:4)
  5 wights (D:6)
  A howler monkey (D:7)
  8 centaur zombies
  3 orc priests
  A hound (D:6)
  A bullfrog skeleton (D:5)
  3 gnoll shamans
  4 iguanas
  A centaur skeleton (D:6)
  6 orc wizards
  Ijyb (D:5)
  Natasha (twice) (D:3)
  4 polar bear simulacra (IceCv)
  A scorpion zombie (D:5)
  A spriggan simulacrum (IceCv)
  A killer bee zombie (D:7)
  A wolf simulacrum (IceCv)
  4 mummies (Ossuary)
  3 howler monkey zombies
  36 gnolls
  A howler monkey skeleton (D:5)
  5 adders
  A naga simulacrum (IceCv)
  A shadow imp (D:7)
  2 white imps
  An ufetubus (IceCv)
  A worm (D:4)
  6 dart slugs
  The ghost of WhiteRaven the Caller, a weakling DESu (D:3)
  21 orcs
  9 endoplasms
  3 giant cockroaches
  10 goblins
  4 hobgoblins
  11 jackals
  5 kobolds
  5 ball pythons
  4 bats
  6 frilled lizards
  4 hobgoblin zombies (Ossuary)
  6 rats
259 creatures vanquished.

Vanquished Creatures (collateral kills)
  A necrophage (D:4)
  A centaur zombie (D:9)
  A mummy (Ossuary)
3 creatures vanquished.

Grand Total: 262 creatures vanquished

Notes
Turn   | Place    | Note
-------+----------+-------------------------------------------
     0 | D:1      | pokeman the Deep Elf Hedge Wizard began the quest for the
                  | Orb.
     0 | D:1      | Reached XP level 1. HP: 10/10 MP: 7/7
   197 | D:1      | Reached XP level 2. HP: 15/15 MP: 4/9
   602 | D:1      | Reached skill level 5 in Spellcasting
   983 | D:1      | Reached XP level 3. HP: 20/20 MP: 5/11
   987 | D:1      | Learned a level 3 spell: Mephitic Cloud
   990 | D:1      | Learned a level 2 spell: Call Imp
   993 | D:1      | Learned a level 2 spell: Blink
   997 | D:1      | Learned a level 3 spell: Conjure Flame
  1492 | D:2      | Reached skill level 1 in Armour
  1524 | D:2      | Reached skill level 1 in Fighting
  1524 | D:2      | Reached XP level 4. HP: 25/25 MP: 1/13
  2149 | D:2      | Found a faded altar of an unknown god.
  2607 | D:3      | Noticed Natasha
  2617 | D:3      | Killed Natasha
  2618 | D:3      | Reached skill level 6 in Spellcasting
  2688 | D:3      | Found a shimmering altar of Xom.
  2689 | D:3      | Found a sparkling altar of Nemelex Xobeh.
  2691 | D:3      | Found a hide-covered altar of Uskayaw.
  2755 | D:3      | Reached skill level 1 in Fire Magic
  2863 | D:3      | Found a white marble altar of Elyvilon.
  3152 | D:3      | Noticed Natasha
  3166 | D:3      | Killed Natasha
  3167 | D:3      | Reached XP level 5. HP: 29/29 MP: 8/15
  3215 | D:3      | Found a runed translucent door.
  3217 | D:3      | Noticed WhiteRaven's ghost (weakling DESu)
  3479 | D:3      | Killed WhiteRaven's ghost
  3622 | D:4      | Reached skill level 1 in Air Magic
  3622 | D:4      | Reached skill level 1 in Poison Magic
  3671 | D:4      | Reached XP level 6. HP: 26/34 MP: 11/17
  3993 | D:4      | Found a broken altar of Ashenzari.
  4120 | D:4      | Found a blossoming altar of Fedhas.
  4169 | D:4      | Reached skill level 7 in Spellcasting
  4686 | D:5      | Entered Level 5 of the Dungeon
  4710 | D:5      | Noticed Ijyb
  4719 | D:5      | Killed Ijyb
  4726 | D:5      | Found a sand-covered staircase.
  4735 | Ossuary  | Entered an ossuary
  4931 | Ossuary  | Reached XP level 7. HP: 39/39 MP: 13/20
  5103 | Ossuary  | Reached skill level 8 in Spellcasting
  5701 | D:5      | Found a shimmering blue altar of Sif Muna.
  5810 | D:5      | Reached skill level 1 in Evocations
  5818 | D:5      | Reached XP level 8. HP: 35/44 MP: 7/22
  5946 | D:5      | Found a snail-covered altar of Cheibriados.
  5965 | D:5      | Reached skill level 9 in Spellcasting
  6257 | D:5      | Noticed a hornet
  6277 | D:5      | Killed a hornet
  6420 | D:5      | Reached skill level 5 in Conjurations
  6764 | D:6      | Reached skill level 10 in Spellcasting
  7135 | D:6      | Reached XP level 9. HP: 48/48 MP: 1/25
  7765 | D:6      | Reached skill level 11 in Spellcasting
  7765 | D:6      | Reached skill level 5 in Fire Magic
  8840 | D:7      | Found a staircase to the Ecumenical Temple.
  8846 | Temple   | Entered the Ecumenical Temple
  9155 | Temple   | Became a worshipper of Vehumet
  9676 | D:8      | Noticed Joseph
  9677 | D:8      | Noticed Prince Ribbit
  9699 | D:8      | Killed Prince Ribbit
  9738 | D:8      | Killed Joseph
  9739 | D:8      | Reached skill level 12 in Spellcasting
 10280 | D:8      | Noticed Pikel
 10293 | D:8      | Killed Pikel
 10294 | D:8      | Reached XP level 10. HP: 48/56 MP: 20/28
 10493 | D:8      | Found a staircase to the Lair.
 10698 | D:9      | Found a basalt altar of Yredelemnul.
 10699 | D:9      | Found a shadowy altar of Dithmenos.
 10713 | D:9      | Found an opulent altar of Gozag.
 10756 | D:9      | Reached * piety under Vehumet
 10756 | D:9      | Offered knowledge of Shock by Vehumet.
 11180 | D:9      | Reached skill level 13 in Spellcasting
 11877 | D:9      | Found a glowing golden altar of the Shining One.
 11929 | D:10     | Entered Level 10 of the Dungeon
 11955 | D:10     | Found an ornate altar of the Wu Jian Council.
 11963 | D:10     | Reached ** piety under Vehumet
 12015 | D:10     | Offered knowledge of Poisonous Vapours by Vehumet.
 12076 | D:10     | Found a transporter.
 12077 | D:10     | Found a transporter.
 12077 | D:10     | Noticed Pooter's ghost (journeyman MiBe)
 12079 | D:10     | Noticed a death knight
 12259 | D:10     | Reached skill level 14 in Spellcasting
 12280 | D:10     | Reached XP level 11. HP: 46/61 MP: 26/31
 12963 | D:11     | Noticed Erolcha
 12963 | D:11     | Noticed a boulder beetle
 12994 | D:11     | Killed a boulder beetle
 13059 | D:11     | Killed Erolcha
 13601 | D:11     | Found Cedity's Armour Shoppe.
 14266 | D:12     | Found a frozen archway.
 14298 | IceCv    | Entered an ice cave
 14312 | IceCv    | Reached skill level 5 in Armour
 14726 | IceCv    | Offered knowledge of Searing Ray by Vehumet.
 14754 | IceCv    | Noticed a white ugly thing
 14789 | IceCv    | Reached skill level 15 in Spellcasting
 14812 | IceCv    | Mangled by a white ugly thing

Illustrated notes

Levels and vault maps discovered:
D:1:      dpeg_arrival_round_c, layout_loops_cross
D:2:      layout_rooms, serial_forest, infiniplex_forest_lined_1,
          infiniplex_forest_clump_C, infiniplex_forest_lined_4_way,
          infiniplex_forest_straight_2, infiniplex_forest_clump_tiny,
          infiniplex_forest_join, infiniplex_forest_lined_ring,
          infiniplex_forest_straight_2, shapermc_ecumenical_altar_flowoftime
D:3:      layout_basic, lemuel_crystal_altar, minitemple,
          ebering_ghost_reflecting_pool, grunt_decor_arrowhead,
          kennysheep_generic_room_12, uniq_natasha
D:4:      layout_loops_corners, nicolae_ashenzari_skybound, fedhas_altar_3
D:5:      layout_cave_pods, overflow_temple_1_default, kennysheep_slug_shrine,
          chequers_ossuary_entry_cave, minmay_misc_feat_doors, uniq_ijyb
D:6:      layout_loops_ring
D:7:      layout_loops_corners, minmay_temple_entry_fiery
D:8:      layout_loops_ring, lair_entry_dummy, hangedman_abyss_or_decor_stagger,
          uniq_pikel, uniq_prince_ribbit1, uniq_joseph
D:9:      layout_basic, nicolae_tso_swordbearing_angel,
          grunt_temple_overflow_open
D:10:     layout_rooms, nicolae_wu_jian_wuxing_cycle, gammafunk_ghost_mausoleum,
          the_hattery
D:11:     layout_layer_cave, serial_shops, shop, uniq_erolcha
D:12:     layout_stronghold, orc_0_dummy, portal_ice_cave_entry_pillars_1,
          minmay_bent, uniq_rupert
Temple:   compressed_dpeg_triangle_lava_temple
IceCv:    ice_cave_small_necro

Skill      XL: |  1  2  3  4  5  6  7  8  9 10 11 |
---------------+----------------------------------+-----
Spellcasting   | 5 6 7 8 10 12 14 15 | 15.0
Armour         | 1 3 4 5 |  5.1
Fighting       | 1 2 3 4 |  4.0
Conjurations   | 2 3 4 5 7 8 9 |  9.1
Dodging        | 3 |  3.0
Fire Magic     | 1 3 4 6 7 8 |  8.2
Air Magic      | 1 |  1.1
Poison Magic   | 1 |  1.2
Stealth        | 3 |  3.0
Evocations     | 1 |  1.1
Summonings     | 2 |  2.1
Translocations | |  1.1

Action                   |  1- 3 |  4- 6 |  7- 9 | 10-12 || total
-------------------------+-------+-------+-------+-------++-------
Melee: Dagger            |     4 |       |       |       ||     4
       Spear             |       |    14 |       |       ||    14
       Whip              |       |    38 |    50 |       ||    88
       Trident           |       |       |    83 |   167 ||   250
 Fire: Shortbow          |       |       |       |    17 ||    17
 Cast: Magic Dart        |    86 |    88 |   204 |    66 ||   444
       Conjure Flame     |     2 |     6 |    28 |    39 ||    75
       Mephitic Cloud    |     1 |     6 |    24 |    42 ||    73
       Call Imp          |       |     5 |     5 |     9 ||    19
       Blink             |       |       |     2 |     8 ||    10
Evoke: Wand              |       |       |       |    21 ||    21
 Stab: Sleeping          |     1 |       |     1 |       ||     2
       Confused          |       |     5 |    13 |    18 ||    36
       Distracted        |       |       |     1 |       ||     1
Armor: Robe              |     2 |       |       |       ||     2
       Leather armour    |       |    11 |   112 |    51 ||   174
       Acid dragon scale |       |       |       |    20 ||    20
Dodge: Dodged            |     8 |    31 |   274 |   113 ||   426

Table legend: (Time is in decaauts)
 A = Elapsed time spent in this place.
 B = Non-inter-level travel time spent in this place.
 C = Inter-level travel time spent in this place.
 D = Time resting spent in this place.
 E = Time spent auto-exploring this place.
 F = Levels seen in this place.
 G = Mean time per level.
                   A        B        C        D        E       F      G
               +--------+--------+--------+--------+--------+-----+--------+
         Total |  14905 |  14553 |    352 |    943 |  11202 |  15 |  993.7 |
       Dungeon |  13379 |  13037 |    342 |    468 |  10538 |  12 | 1114.9 |
        Temple |    320 |    310 |     10 |      0 |    301 |   1 |  320.0 |
       Ossuary |    674 |    674 |      0 |    151 |    329 |   1 |  674.0 |
      Ice Cave |    531 |    531 |      0 |    324 |     34 |   1 |  531.0 |
               +--------+--------+--------+--------+--------+-----+--------+

Top non-repeatable levels by time:
     D:6: 1524 daAuts
    D:11: 1459 daAuts
     D:1: 1444 daAuts
     D:8: 1346 daAuts
     D:5: 1224 daAuts
     D:9: 1212 daAuts
     D:4: 1159 daAuts
     D:3: 1071 daAuts
     D:2: 1012 daAuts
     D:7: 995 daAuts
    D:10: 863 daAuts
 Ossuary: 674 daAuts
   IceCv: 531 daAuts
  Temple: 320 daAuts
    D:12: 65 daAuts
